AoeStats
← Ouki-San

Arabia

508156779Analyzed
2v2 RM · 11d ago on Sep 21, 2026· 32m 19s· 4 players
Game mode
Random Map
Map size
Medium (4 player)
Population
200
Speed
Normal
Resources
Standard
Victory
Conquest
Starting age
Dark Age
Ending age
Imperial Age
RankedLock teamsTeams togetherTeam positionsShared explorationLock speedFull tech treeHidden civsTurbo modeCheats
Victory
Defeat
🇸🇪 Franks · Sweden
1219
+15
🇫🇷 Persians · France
1217
+15
🇨🇷 Jurchens · Costa Rica
1246
-17
🇨🇷 Ethiopians · Costa Rica
1143
-13
Divine VI
6:51 Loom
9:17 Feudal Age
9:54 Double-Bit Axe
19:43 Castle Age
19:36 Horse Collar
20:26 Bloodlines
20:36 Scale Barding Armor
30:06 Forging
30:32 Bow Saw
30:26 Heavy Plow
32:08 Wheelbarrow
32:14 Wheelbarrow
fainer_15
6:50 Loom
9:47 Feudal Age
23:29 Horse Collar
24:19 Double-Bit Axe
29:52 Castle Age
Ouki-San
6:08 Loom
8:59 Feudal Age
9:23 Double-Bit Axe
14:20 Horse Collar
17:12 Wheelbarrow
20:43 Castle Age
19:25 Scale Barding Armor
20:11 Bloodlines
22:02 Bow Saw
22:16 Heavy Plow
27:13 Town Watch
28:36 Chain Barding Armor
30:41 Forging
30:36 Husbandry
31:29 Gold Mining
Laacky
6:06 Loom
9:38 Feudal Age
11:06 Double-Bit Axe
21:03 Forging
20:58 Scale Barding Armor
24:56 Castle Age
23:53 Wheelbarrow
23:58 Gold Mining
25:42 Husbandry
26:22 Iron Casting
26:11 Chain Barding Armor
26:11 Bow Saw
28:43 Hand Cart
Connection lost

Rejoining the realm…

Still unreachable

The connection could not be restored.

Session expired

The server has moved on; the page needs a fresh start.